NYP
CONNECTICUT TIGERS @ STATEN ISLAND YANKEES
09/25/2048
 
TOP OF THE 1ST
Connecticut Tigers batting - Pitching for Staten Island Yankees : RHP Nick Peters
Pitching: RHP Nick Peters
Batting: RHB Janne Vihko 0-0: Ball
1-0: Called Strike
1-1: Foul Ball, location: 2F
1-2: Ball
2-2: Foul Ball, location: 2F
2-2: Ground out 2-3 (Groundball, 2L, EV 66.9 MPH)
Batting: RHB Khalil Coleman 0-0: Swinging Strike
0-1: Swinging Strike
0-2: Hit by Pitch
Batting: RHB Jaden Warrior 0-0: Foul Ball, location: 2F
0-1: Ball
1-1: Called Strike
1-2: Hit by Pitch
Khalil Coleman to second
Batting: LHB Afanasy Zasekin 0-0: Called Strike
0-1: Foul Ball, location: 2F
0-2: Foul Ball, location: 2F
0-2: Foul Ball, location: 2F
0-2: Ball
1-2: Ball
2-2: Ball
3-2: Fly out, F9 (Flyball, 89M, EV 75.0 MPH)
Batting: RHB Jeremiah Washington 0-0: Ball
1-0: Called Strike
1-1: Swinging Strike
1-2: Strikes out looking
Top of the 1st over - 0 runs, 0 hits, 0 errors, 2 left on base; Connecticut 0 - Staten Island 0
BOTTOM OF THE 1ST
Staten Island Yankees batting - Pitching for Connecticut Tigers : RHP Kyle Moore
Pitching: RHP Kyle Moore
Batting: RHB Norimoto Miyanishi 0-0: Called Strike
0-1: Ball
1-1: Ball
2-1: Foul Ball, location: 2F
2-2: Strikes out swinging
Batting: RHB Edite Leoni 0-0: Ball
1-0: Foul Ball, location: 2F
1-1: Ball
2-1: Swinging Strike
2-2: Ball
3-2: Foul Ball, location: 2F
3-2: Foul Ball, location: 2F
3-2: Ground out 6-3 (Groundball, 6, EV 109.4 MPH)
Batting: RHB Pat Pemberton 0-0: Ball
1-0: Called Strike
1-1: Foul Ball, location: 2F
1-2: Ball
2-2: Ball
3-2: Ground out 5-3 (Groundball, 56, EV 110.0 MPH)
Bottom of the 1st over - 0 runs, 0 hits, 0 errors, 0 left on base; Connecticut 0 - Staten Island 0
TOP OF THE 2ND
Connecticut Tigers batting - Pitching for Staten Island Yankees : RHP Nick Peters
Batting: RHB Yankel Pensak 0-0: Called Strike
0-1: Ball
1-1: Swinging Strike
1-2: Strikes out swinging
Batting: LHB Tokugoro Adachi 0-0: Ball
1-0: Ball
2-0: Foul Ball, location: 2F
2-1: Swinging Strike
2-2: Strikes out swinging, 2-3 out at first.
Batting: RHB Kaleb Yerger 0-0: Foul Ball, location: 2F
0-1: Ground out 6-3 (Groundball, 6, EV 85.6 MPH)
Top of the 2nd over - 0 runs, 0 hits, 0 errors, 0 left on base; Connecticut 0 - Staten Island 0
BOTTOM OF THE 2ND
Staten Island Yankees batting - Pitching for Connecticut Tigers : RHP Kyle Moore
Batting: SHB Tadaaki Kondo 0-0: Ball
1-0: Ball
2-0: Ball
3-0: Called Strike
3-1: Foul Ball, location: 2F
3-2: Fly out, F7 (Flyball, 7, EV 91.2 MPH)
Batting: RHB Brad Wren 0-0: SINGLE (Groundball, 34D, EV 106.2 MPH)
Batting: SHB Adam Slade 0-0: Swinging Strike
0-1: Foul Ball, location: 2F
0-2: Ball
1-2: Ball
2-2: Strikes out swinging
Batting: RHB Jon Pierce 0-0: Called Strike
0-1: Foul Ball, location: 2F
0-2: Ball
1-2: Fielders Choice at 2nd, 6-4 (Groundball, 6, EV 83.8 MPH)
Bottom of the 2nd over - 0 runs, 1 hit, 0 errors, 1 left on base; Connecticut 0 - Staten Island 0
TOP OF THE 3RD
Connecticut Tigers batting - Pitching for Staten Island Yankees : RHP Nick Peters
Batting: SHB Ian Arlotta 0-0: Ball
1-0: Ball
2-0: Ground out 6-3 (Groundball, 6, EV 92.5 MPH)
Batting: RHB Janne Vihko 0-0: Ball
1-0: Ground out 1-3 (Groundball, P, EV 73.8 MPH)
Batting: RHB Khalil Coleman 0-0: Swinging Strike
0-1: Foul Ball, location: 2F
0-2: Ball
1-2: Ball
2-2: Foul Ball, location: 2F
2-2: Reached on error, E6 (Groundball, 56, EV 83.8 MPH)
Batting: RHB Jaden Warrior 0-0: Called Strike
0-1: SINGLE (Groundball, 34D, EV 103.1 MPH)
Khalil Coleman to second
Runner from 2nd tries for 3rd, SAFE, throw by RF made to third
Batting: LHB Afanasy Zasekin 0-0: Ball
Passed Ball!
Khalil Coleman scores
Jaden Warrior to second
1-0: Called Strike
1-1: Ball
2-1: Ball
3-1: Foul Ball, location: 2F
3-2: SINGLE (Line Drive, 4D, EV 100.0 MPH)
Jaden Warrior to third
Runner from 3rd tries for Home, SAFE, throw by RF to home
Batting: RHB Jeremiah Washington 0-0: Swinging Strike
0-1: Foul Ball, location: 2F
0-2: Ball
1-2: Ball
2-2: Foul Ball, location: 2F
2-2: Strikes out swinging
Top of the 3rd over - 2 runs, 2 hits, 1 error, 1 left on base; Connecticut 2 - Staten Island 0
BOTTOM OF THE 3RD
Staten Island Yankees batting - Pitching for Connecticut Tigers : RHP Kyle Moore
Batting: LHB Danny de Leon 0-0: Called Strike
0-1: Ball
1-1: Foul Ball, location: 2F
1-2: Ball
2-2: Strikes out swinging
Batting: RHB Danny Ayala 0-0: Ball
1-0: Called Strike
1-1: Foul Ball, location: 2F
1-2: Ball
2-2: Ball
3-2: Strikes out swinging
Batting: RHB Norimoto Miyanishi 0-0: Ball
1-0: Ball
2-0: Ball
3-0: Base on Balls
Batting: RHB Edite Leoni 0-0: Fly out, F7 (Flyball, 7LS, EV 95.0 MPH)
Bottom of the 3rd over - 0 runs, 0 hits, 0 errors, 1 left on base; Connecticut 2 - Staten Island 0
TOP OF THE 4TH
Connecticut Tigers batting - Pitching for Staten Island Yankees : RHP Nick Peters
Batting: RHB Yankel Pensak 0-0: Ball
1-0: Called Strike
1-1: Ball
2-1: Swinging Strike
2-2: Strikes out swinging
Batting: LHB Tokugoro Adachi 0-0: Foul Ball, location: 2F
0-1: Foul Ball, location: 2F
0-2: Ball
1-2: Strikes out looking
Batting: RHB Kaleb Yerger 0-0: Swinging Strike
0-1: Fly out, F9 (Line Drive, 9LM, EV 91.9 MPH)
Top of the 4th over - 0 runs, 0 hits, 0 errors, 0 left on base; Connecticut 2 - Staten Island 0
BOTTOM OF THE 4TH
Staten Island Yankees batting - Pitching for Connecticut Tigers : RHP Kyle Moore
Batting: RHB Pat Pemberton 0-0: Ball
1-0: Ball
2-0: Ball
3-0: Called Strike
3-1: Base on Balls
Batting: SHB Tadaaki Kondo 0-0: Called Strike
0-1: Called Strike
0-2: Ball
1-2: Ball
2-2: Strikes out swinging
Batting: RHB Brad Wren 0-0: Called Strike
0-1: Grounds into double play, 4-6-3 (Groundball, 34, EV 92.5 MPH)
Bottom of the 4th over - 0 runs, 0 hits, 0 errors, 0 left on base; Connecticut 2 - Staten Island 0
TOP OF THE 5TH
Connecticut Tigers batting - Pitching for Staten Island Yankees : RHP Nick Peters
Batting: SHB Ian Arlotta 0-0: Called Strike
0-1: Swinging Strike
0-2: Ball
1-2: Foul Ball, location: 2F
1-2: Foul Ball, location: 2F
1-2: Foul Ball, location: 2F
1-2: Foul Ball, location: 2F
1-2: Ball
2-2: Ball
3-2: TRIPLE (Line Drive, 89XD, EV 99.4 MPH)
Batting: RHB Janne Vihko 0-0: Ground out 5-3 (Groundball, 56S, EV 91.2 MPH)
Batting: RHB Khalil Coleman 0-0: SINGLE (Line Drive, 56, EV 95.6 MPH)
Ian Arlotta scores
Batting: RHB Jaden Warrior 0-0: Ball
1-0: Foul Ball, location: 2F
1-1: Foul Ball, location: 2F
1-2: Strikes out swinging
Batting: LHB Afanasy Zasekin 0-0: Called Strike
0-1: Fly out, F8 (Flyball, 8LXD, EV 93.8 MPH)
Top of the 5th over - 1 run, 2 hits, 0 errors, 1 left on base; Connecticut 3 - Staten Island 0
BOTTOM OF THE 5TH
Staten Island Yankees batting - Pitching for Connecticut Tigers : RHP Kyle Moore
Batting: SHB Adam Slade 0-0: Called Strike
0-1: Ball
1-1: Ball
2-1: Ball
3-1: Foul Ball, location: 2F
3-2: Foul Ball, location: 2F
3-2: Strikes out swinging
Batting: RHB Jon Pierce 0-0: Foul Ball, location: 2F
0-1: Swinging Strike
0-2: Strikes out swinging
Batting: LHB Danny de Leon 0-0: Called Strike
0-1: Foul Ball, location: 2F
0-2: Ball
1-2: Foul Ball, location: 2F
1-2: Strikes out swinging
Bottom of the 5th over - 0 runs, 0 hits, 0 errors, 0 left on base; Connecticut 3 - Staten Island 0
TOP OF THE 6TH
Connecticut Tigers batting - Pitching for Staten Island Yankees : RHP Nick Peters
Batting: RHB Jeremiah Washington 0-0: Called Strike
0-1: Ball
1-1: Ball
2-1: Foul Ball, location: 2F
2-2: Foul Ball, location: 2F
2-2: Foul Ball, location: 2F
2-2: Foul Ball, location: 2F
2-2: Ball
3-2: Base on Balls
Pitching: RHP Nate LaCava
Batting: RHB Yankel Pensak 0-0: Ball
1-0: Called Strike
1-1: Swinging Strike
1-2: Ball
2-2: Ball
3-2: Base on Balls
Jeremiah Washington to second
Batting: LHB Tokugoro Adachi 0-0: Ball
1-0: Ground out U3 (Groundball, 3S, EV 73.1 MPH)
Jeremiah Washington to third
Yankel Pensak to second
Batting: RHB Kaleb Yerger 0-0: Hit by Pitch
Batting: SHB Ian Arlotta 0-0: Ball
1-0: Grounds into double play, 3-2-3 (Groundball, 3L, EV 85.0 MPH)
Top of the 6th over - 0 runs, 0 hits, 0 errors, 2 left on base; Connecticut 3 - Staten Island 0
BOTTOM OF THE 6TH
Staten Island Yankees batting - Pitching for Connecticut Tigers : RHP Kyle Moore
Pitching: RHP Larry Mathieu
Batting: RHB Danny Ayala 0-0: Called Strike
0-1: Called Strike
0-2: Strikes out swinging
Batting: RHB Norimoto Miyanishi 0-0: Called Strike
0-1: Ball
1-1: Foul Ball, location: 2F
1-2: Strikes out swinging
Batting: RHB Edite Leoni 0-0: Called Strike
0-1: Ball
1-1: Called Strike
1-2: Strikes out swinging
Bottom of the 6th over - 0 runs, 0 hits, 0 errors, 0 left on base; Connecticut 3 - Staten Island 0
TOP OF THE 7TH
Connecticut Tigers batting - Pitching for Staten Island Yankees : RHP Nate LaCava
Batting: RHB Janne Vihko 0-0: Fly out, F9 (Flyball, 89D, EV 99.4 MPH)
Batting: RHB Khalil Coleman 0-0: Ball
1-0: Ball
2-0: SOLO HOME RUN (Flyball, 78XD, EV 100.6 MPH), Distance : 420 ft
Batting: RHB Jaden Warrior 0-0: Called Strike
0-1: Ball
1-1: Foul Ball, location: 2F
1-2: SINGLE (Line Drive, 56D, EV 104.4 MPH)
Batting: LHB Afanasy Zasekin 0-0: Ball
1-0: Ball
2-0: Ball
3-0: Base on Balls
Jaden Warrior to second
Batting: RHB Jeremiah Washington 0-0: Fielders Choice at 2nd, 5-4 (Groundball, 56S, EV 77.5 MPH)
Jaden Warrior to third
Batting: RHB Yankel Pensak 0-0: 3-RUN HOME RUN (Flyball, 78XD, EV 108.1 MPH), Distance : 422 ft
Batting: LHB Tokugoro Adachi 0-0: Called Strike
0-1: Ball
1-1: Reached on error, E3 (Groundball, 34, EV 100.6 MPH)
Batting: RHB Kaleb Yerger 0-0: Ball
1-0: Ball
2-0: Ball
3-0: Base on Balls
Tokugoro Adachi to second
Batting: SHB Ian Arlotta 0-0: Called Strike
0-1: Called Strike
0-2: Ball
1-2: Ball
2-2: Foul Ball, location: 2F
2-2: Ball
3-2: Base on Balls
Tokugoro Adachi to third
Kaleb Yerger to second
Pitching: RHP Gary Salazar
Batting: RHB Janne Vihko 0-0: Ball
1-0: Called Strike
1-1: Ball
2-1: Swinging Strike
2-2: SINGLE (Groundball, 6MD, EV 103.1 MPH)
Tokugoro Adachi scores
Kaleb Yerger to third
Ian Arlotta to second
Runner from 3rd tries for Home, SAFE, throw by CF to home
Batting: RHB Khalil Coleman 0-0: Swinging Strike
0-1: Swinging Strike
0-2: Strikes out swinging
Top of the 7th over - 6 runs, 4 hits, 1 error, 2 left on base; Connecticut 9 - Staten Island 0
BOTTOM OF THE 7TH
Staten Island Yankees batting - Pitching for Connecticut Tigers : RHP Larry Mathieu
Batting: RHB Pat Pemberton 0-0: Foul Ball, location: 2F
0-1: Called Strike
0-2: Ball
1-2: Strikes out swinging
Batting: SHB Tadaaki Kondo 0-0: Called Strike
0-1: Ball
1-1: Swinging Strike
1-2: Strikes out swinging
Batting: RHB Brad Wren 0-0: Called Strike
0-1: Fly out, F7 (Flyball, 7, EV 77.5 MPH)
Bottom of the 7th over - 0 runs, 0 hits, 0 errors, 0 left on base; Connecticut 9 - Staten Island 0
TOP OF THE 8TH
Connecticut Tigers batting - Pitching for Staten Island Yankees : RHP Gary Salazar
Pinch Hitting: SHB Ryohei Nakano 0-0: Ball
1-0: Swinging Strike
1-1: Ground out 4-3 (Groundball, 4, EV 99.4 MPH)
Pinch Hitting: RHB Tony Nunez 0-0: Called Strike
0-1: Ground out 5-3 (Groundball, 56, EV 95.6 MPH)
Pinch Hitting: RHB Gabe Higley 0-0: Ball
1-0: Foul Ball, location: 2F
1-1: Foul Ball, location: 2F
1-2: Strikes out looking
Top of the 8th over - 0 runs, 0 hits, 0 errors, 0 left on base; Connecticut 9 - Staten Island 0
BOTTOM OF THE 8TH
Staten Island Yankees batting - Pitching for Connecticut Tigers : RHP Larry Mathieu
Now at 1B: Billy Verdusco
Now at 2B: Yankel Pensak
Now at 3B: Ryohei Nakano
Now in RF: Tony Nunez
Batting: SHB Adam Slade 0-0: Ground out 4-3 (Groundball, 4, EV 83.1 MPH)
Pinch Hitting: RHB Mario Velazquez 0-0: Swinging Strike
0-1: Foul Ball, location: 2F
0-2: Strikes out looking
Batting: LHB Danny de Leon 0-0: Ball
1-0: Called Strike
1-1: Ball
2-1: Swinging Strike
2-2: Strikes out swinging
Bottom of the 8th over - 0 runs, 0 hits, 0 errors, 0 left on base; Connecticut 9 - Staten Island 0
TOP OF THE 9TH
Connecticut Tigers batting - Pitching for Staten Island Yankees : RHP Gary Salazar
Now in LF: Mario Velazquez
Batting: RHB Yankel Pensak 0-0: Called Strike
0-1: SINGLE (Line Drive, 56D, EV 100.0 MPH)
Pinch Hitting: RHB Jonathan Ridgely 0-0: Ball
1-0: Ball
Passed Ball!
Yankel Pensak to second
2-0: SINGLE (Groundball, 56D, EV 106.2 MPH)
Yankel Pensak to third
Runner from 3rd tries for Home, SAFE, throw by LF to home
Batting: RHB Kaleb Yerger 0-0: Fly out, F8 (Flyball, 8RXD, EV 95.6 MPH)
Batting: SHB Ian Arlotta 0-0: Ball
1-0: Swinging Strike
1-1: Fielders Choice at 2nd, 4-6 (Groundball, 4S, EV 85.6 MPH)
Batting: RHB Janne Vihko 0-0: Ground out 5-3 (Groundball, 56S, EV 79.4 MPH)
Top of the 9th over - 1 run, 2 hits, 0 errors, 1 left on base; Connecticut 10 - Staten Island 0
BOTTOM OF THE 9TH
Staten Island Yankees batting - Pitching for Connecticut Tigers : RHP Larry Mathieu
Now at C: Jonathan Ridgely
Batting: RHB Danny Ayala 0-0: Swinging Strike
0-1: Swinging Strike
0-2: Ball
1-2: Foul Ball, location: 2F
1-2: Foul Ball, location: 2F
1-2: Strikes out swinging
Pitching: RHP Chris Wilkerson
Batting: RHB Norimoto Miyanishi 0-0: Ball
1-0: Ball
2-0: Ball
3-0: Called Strike
3-1: Reached via error on a dropped throw from 1B, E1 (Groundball, 34S, EV 91.9 MPH)
Batting: RHB Edite Leoni 0-0: Swinging Strike
0-1: Ball
1-1: Grounds into double play, 5-4-3 (Groundball, 5, EV 106.2 MPH)
Bottom of the 9th over - 0 runs, 0 hits, 1 error, 0 left on base; Connecticut 10 - Staten Island 0
Tuesday, March 28th , 2023 - OOTP Baseball 23.10 Build 110